 Dungeon Crawl Stone Soup version 0.29.0-4-gdea44cf6ec (webtiles) character file.

Game seed: 6743363733849227942

338 qw the Trooper (level 6, 0/53 HPs)
             Began as a Ghoul Fire Elementalist on Aug 29, 2022.
             Slain by an ogre
             ... wielding a +0 giant spiked club
              (2 damage)
             ... on level 4 of the Dungeon.
             The game lasted 00:02:46 (3206 turns).

qw the Trooper (Ghoul Fire Elementalist)            Turns: 3206, Time: 00:02:46

Health: 0/53       AC: 11    Str: 20    XL:     6   Next: 55%
Magic:  7/7        EV:  6    Int: 10    God:
Gold:   167        SH:  5    Dex:  9    Spells: 7/8 levels left

rFire   . . .      SeeInvis .     - Unarmed
rCold   + . .      Faith    .   (no shield)
rNeg    + + +      Spirit   .   j - +0 plate armour
rPois   inf        Reflect  +   (no helmet)
rElec   .          Harm     .   (no cloak)
rCorr   .          Rampage  .   (no gloves)
Will    .....                   i - +0 pair of boots
Stlth   ..........              f - amulet of reflection
HPRegen 0.00/turn               k - +6 ring of strength
MPRegen 0.10/turn               (no ring)

@: inhibited regen
A: claws 1, cold resistance 1, negative energy resistance 3, inhibited
regeneration, torment resistance 2, devour on kill
a: no special abilities


You were on level 4 of the Dungeon.
You visited 1 branch of the dungeon, and saw 4 of its levels.

You collected 167 gold pieces.


Innate Abilities, Weirdness & Mutations

You are immune to poison.
You have sharp fingernails.
Your flesh is cold resistant. (rC+)
You are immune to negative energy. (rN+++)
You do not regenerate when monsters are visible.
You are immune to unholy pain and torment.
You thrive by killing the living.


   Skills:
 - Level 4.7 Fighting
 - Level 1.0 Armour
 - Level 1.7 Dodging
 - Level 2.1 Stealth
 + Level 4.5 Unarmed Combat
 - Level 1.7 Spellcasting
 - Level 0.7 Conjurations
 - Level 2.4 Fire Magic


You had 7 spell levels left.
You knew the following spells:

 Your Spells              Type           Power      Damage    Failure   Level
a - Foxfire               Conj/Fire      16%        2x1d4     99%         1

Your spell library contained the following spells:

 Spells                   Type           Power      Damage    Failure   Level
 Scorch                   Fire           10%        2d6       99%         2
 Conjure Flame            Conj/Fire      4%         6-21      100%        3
 Inner Flame              Hex/Fire       3%         N/A       100%        3
 Flame Wave               Conj/Fire      4%         2d5       100%        4

Inventory:

Armour
 i - a +0 pair of boots (worn)
 j - a +0 plate armour (worn)
Jewellery
 f - an amulet of reflection (around neck)
 k - a +6 ring of strength (left claw)
Scrolls
 c - a scroll of identify
Potions
 a - a potion of might
 b - a potion of curing {unknown}
 d - a potion of lignification {unknown}
 e - a potion of degeneration {unknown}
 h - a potion of attraction {unknown}

Dungeon Overview and Level Annotations

Branches:
Dungeon (4/15)
 Temple: D:4-7

Altars:
Uskayaw


Message History

You scratch the worm.
The worm is almost dead.
You scratch the worm. You claw the worm.
You kill the worm!
Found a stone staircase leading up.
You now have 159 gold pieces (gained 11).
Enter note: You now have 167 gold pieces (gained 8).
Found an ivory wand.
e - a yellow potion
Enter note:
Enter note:
Enter note:
Enter note:
Enter note: An ogre comes into view. It is wielding a +0 giant spiked club.
The ogre shouts!
You scratch the ogre.
The ogre is lightly wounded.
The ogre hits you with a +0 giant spiked club.
You barely miss the ogre.
The ogre is lightly wounded.
You barely miss the ogre.
The ogre is lightly wounded.
The ogre hits you with a +0 giant spiked club!
You scratch the ogre.
The ogre is lightly wounded.
You barely miss the ogre.
The ogre is lightly wounded.
The ogre hits you with a +0 giant spiked club!!
Ouch! That really hurt!
You claw the ogre!
The ogre is heavily wounded.
The ogre hits you with a +0 giant spiked club!
You barely miss the ogre.
The ogre is heavily wounded.
You scratch the ogre.
The ogre is severely wounded.
The ogre hits you with a +0 giant spiked club.
You die...

#.......#....# #.
#.......#....# ..
########...#.####.....
#..........#........
#............####...
#/.........#..#
###..........##.#
.............# ...
.......@.....# ###.
.......O......# #
.......!......#
###...........#
#.......###..
#.......# ## #........
.. #.......## ###.
#...


You could see an ogre.

Vanquished Creatures
  Grinder (D:4)
  A hound (D:3)
  A gnoll (D:1)
  2 adders
  2 dart slugs
  4 worms
  3 ball pythons
  A bat (D:1)
  7 endoplasms
  3 giant cockroaches
  7 hobgoblins
  2 jackals (D:1)
  6 quokkas
  2 frilled lizards
  2 goblins
  8 kobolds
  6 rats
58 creatures vanquished.

Notes
Turn   | Place    | Note
-------+----------+-------------------------------------------
     0 | D:1      | qw the Ghoul Fire Elementalist began the quest for the Orb.
     0 | D:1      | Reached XP level 1. HP: 14/14 MP: 2/2
     0 | D:1      | 0 ||| qw: Version: 0.1-a-90-g952f4b7
     0 | D:1      | 0 ||| qw: Game counter: 3916
     0 | D:1      | 0 ||| qw: Always use a shield: true
     0 | D:1      | 0 ||| qw: God list: Okawaru
     0 | D:1      | 0 ||| qw: Allow faded altars: false
     0 | D:1      | 0 ||| qw: Do Orc after D:15 true
     0 | D:1      | 0 ||| qw: Do second Lair branch before Depths: true
     0 | D:1      | 0 ||| qw: Lair rune preference: random
     0 | D:1      | 0 ||| qw: Plans: Normal
     0 | D:1      | 0 ||| PLANNING D:1-11
   156 | D:1      | Reached skill level 1 in Unarmed Combat
   382 | D:1      | Reached XP level 2. HP: 22/22 MP: 3/3
   432 | D:1      | Reached skill level 1 in Fighting
   442 | D:1      | 442 ||| Stepping ~*~*~tactically~*~*~ (stealth).
   446 | D:1      | 446 ||| Stepping ~*~*~tactically~*~*~ (stealth).
   448 | D:1      | 448 ||| Stepping ~*~*~tactically~*~*~ (stealth).
   450 | D:1      | 450 ||| Stepping ~*~*~tactically~*~*~ (stealth).
   452 | D:1      | 452 ||| Stepping ~*~*~tactically~*~*~ (stealth).
   561 | D:1      | 561 ||| Stepping ~*~*~tactically~*~*~ (hiding).
   663 | D:1      | Found a faded altar of an unknown god.
   934 | D:1      | Reached XP level 3. HP: 22/28 MP: 4/4
  1222 | D:1      | 1222 ||| Stepping ~*~*~tactically~*~*~ (stealth).
  1305 | D:1      | Reached skill level 3 in Unarmed Combat
  1384 | D:1      | 1384 ||| UPGRADING to +0 leather armour.
  1394 | D:1      | 1394 ||| DROPPING +0 robe.
  1395 | D:1      | 1395 ||| UPGRADING to +0 pair of boots.
  1400 | D:1      | 1400 ||| UPGRADING to +0 plate armour.
  1410 | D:1      | 1410 ||| DROPPING +0 leather armour.
  1411 | D:1      | 1411 ||| UPGRADING to amulet of reflection.
  1416 | D:1      | 1416 ||| UPGRADING to +6 ring of strength.
  1417 | D:1      | 1417 ||| READING scroll labelled FENALL LAEHAS.
  1418 | D:1      | 1418 ||| READING scroll labelled KECIKHLE CACYB.
  1419 | D:1      | 1419 ||| DROPPING potion of magic.
  1470 | D:2      | 1470 ||| Stepping ~*~*~tactically~*~*~ (stealth).
  1476 | D:2      | Reached skill level 1 in Armour
  1651 | D:2      | Found a hide-covered altar of Uskayaw.
  1690 | D:2      | Reached XP level 4. HP: 35/35 MP: 5/5
  2217 | D:2      | 2217 ||| READING scroll labelled COQUMN NAEDGH.
  2218 | D:2      | 2218 ||| DRINKING 2 fuming brown potions.
  2219 | D:2      | 2219 ||| DROPPING potion of flight.
  2263 | D:3      | 2263 ||| Stepping ~*~*~tactically~*~*~ (outnumbered).
  2465 | D:3      | Identified the +5 scimitar of Hell's Wrath {vorpal, rC-
                  | Will- rCorr Dex+10}
  2648 | D:3      | Reached XP level 5. HP: 40/40 MP: 6/6
  2897 | D:3      | 2897 ||| READING scroll labelled HONUME WUFACER.
  2898 | D:3      | 2898 ||| READING scroll labelled ENGEXE KAUJE.
  2899 | D:3      | 2899 ||| READING scroll labelled JUSEP CEUBLOUC.
  2900 | D:3      | 2900 ||| READING 2 scrolls of identify.
  2900 | D:3      | 2900 ||| IDENTIFYING brown potion
  2918 | D:4      | Noticed Grinder
  2926 | D:4      | Paralysed by Grinder for 2 turns
  2935 | D:4      | Paralysed by Grinder for 5 turns
  2944 | D:4      | Killed Grinder
  2945 | D:4      | Reached XP level 6. HP: 42/53 MP: 7/7
  3203 | D:4      | HP: 10/53 [ogre/+0 giant spiked club (28)]
  3204 | D:4      | HP: 2/53 [ogre/+0 giant spiked club (8)]
  3206 | D:4      | Slain by an ogre

Levels and vault maps discovered:
D:1:      dpeg_arrival_tiny_g, layout_basic, ebering_ecumenical_altar_petrified
D:2:      layout_rooms, basic_altar, serial_corexii_hall,
          chequers_hall_statues_corner_a, corexii_hall_statues_l,
          chequers_hall_statues_corner_a, chequers_hall_statues_corner_a,
          corexii_hall_statues_x, chequers_hall_statues_y
D:3:      layout_basic
D:4:      layout_basic, lemuel_zombie_altar_kikubaaqudgha,
          gammafunk_ghost_grave, uniq_grinder, uniq_ijyb

Skill      XL: |  1  2  3  4  5 |
---------------+----------------+-----
Unarmed Combat | 1 2 3 4 |  4.5
Fighting       | 1 4 |  4.7
Armour         | 1 |  1.0
Dodging        | |  1.7
Stealth        | |  2.1
Spellcasting   | |  1.7
Conjurations   | |  0.7
Fire Magic     | |  2.4

Action                   |  1- 3 |  4- 6 || total
-------------------------+-------+-------++-------
Melee: Unarmed           |   134 |   126 ||   260
       Punch             |     1 |     5 ||     6
  Use: Scroll            |     2 |     5 ||     7
       Potion            |       |     1 ||     1
 Stab: Sleeping          |     1 |       ||     1
Armor: Robe              |    19 |       ||    19
       Plate armour      |    10 |    45 ||    55
Dodge: Dodged            |    41 |    19 ||    60
Block: Other             |     5 |    20 ||    25
       Reflection        |       |     2 ||     2

Table legend:
 A = Non-vault XP
 B = Vault XP
 C = Vault XP percentage of total XP
 D = Non-vault monster count
 E = Vault monster count
 F = Vault count percentage of total count
                 A         B        C        D         E       F
            +---------+---------+-------+---------+---------+-------
      Total |     193 |     290 |  60.0 |      57 |       1 |   1.7
            +---------+---------+-------+---------+---------+-------
        D:1 |      56 |       0 |   0.0 |      24 |       0 |   0.0
        D:2 |      45 |       0 |   0.0 |      19 |       0 |   0.0
        D:3 |      66 |       0 |   0.0 |       9 |       0 |   0.0
        D:4 |      26 |     290 |  91.8 |       5 |       1 |  16.7
            +---------+---------+-------+---------+---------+-------
